cohdb
Replays
Latest Replays
All Replays
Popular Replays
Top Player Replays
Match Explorer
How It Works
Community
CoH3 Stats
Reddit
Sign in to upload your games and track your stats! →
Sign in with Steam
Match 47412059
Unlisted
Match 47412059
Overview
Messages
Build Orders
End
Pioneer Squad
Construct Infanterie Kompanie
Selects Mechanized Battlegroup
Grenadier Squad
MG 42 Machine Gun Team
Grenadier Squad
Construct Panzergrenadier Kompanie
251 Medium Carrier
Selects Raid Package
Panzergrenadier Squad
Pak 40 Anti-tank Gun Team
Selects StuG Assault Group
StuG Assault Group
Medical Station
Pak 40 Anti-tank Gun Team
Panzergrenadier Officer Quarters
Selects Mobile Repair Stations
Construct Panzer Kompanie
Selects UNKNOWN (2160084)
Panther Heavy Tank
Selects Wespe Self-propelled Artillery
Sturmpanzer IV Brummbär
Selects Mechanized Assault
Mechanized Assault
Stoßtruppen Squad
Stoßtruppen Squad
Pioneer Squad
AI Takeover
RtN.momo4sho
Havoc
nub
Ares
0
0
Comments
sign in to comment!
No comments posted yet!